Unix NetHack Version 5.0.0-0 post-release - last build May 10 2026 23:12:36 (d1fa5d53e341ca933230fdaa984d921c805b60aa,branch:main).

Game began 2026-05-11 02:35:37, ended 2026-05-11 02:42:53.

Eldrich, lawful male human Archeologist

                       ...
                       %.f.
                       -.@.
                       ----

Eldrich the Digger         St:13 Dx:11 Co:12 In:15 Wi:15 Ch:9  Lawful
Dlvl:3  $:24 HP:0(19) Pw:10(10) AC:9  Xp:2 T:556 

Latest messages:
 It's solid stone.
 It's solid stone.
 It's solid stone.
 It's solid stone.
 You swap places with your little dog.
 It's solid stone.
 The door opens.
 It's solid stone.
 It's solid stone.
 You see here 7 gold pieces.
 $ - 7 gold pieces (24 in total).
 It's solid stone.
 It's solid stone.
 You descend the stairs.
 You see here a chest.
 You climb up the stairs.
 You swap places with your little dog.
 The door opens.
 It's solid stone.
 It's solid stone.
 It's solid stone.
 You swap places with your little dog.
 It's a wall.
 It's solid stone.
 It's solid stone.
 It's solid stone.
 It's solid stone.
 It's solid stone.
 It's solid stone.
 It's solid stone.
 It's solid stone.
 It's solid stone.
 It's solid stone.
 You descend the stairs.
 You can't go up here.
 You can't go up here.
 You stop.  The dwarf is in the way!
 You lash the kitten.
 The kitten bites!
 The kitten bites!
 The kitten bites!
 You miss arabidian's ghost.
 The kitten bites!
 The kitten bites!
 You die...
 Do you want your possessions identified? [ynq] (y) y
 Do you want to see your attributes? [ynq] (y) y
 Do you want an account of creatures vanquished? [ynaq] (y) y
 Do you want to see your conduct and achievements? [ynq] (y) y
 Do you want to see the dungeon overview? [ynq] (y) y

Inventory:
 Coins    ('$')
  $ - 24 gold pieces
 Weapons  (')')
  a - a +2 bullwhip (weapon in right hand)
 Armor    ('[')
  c - an uncursed +0 fedora (being worn)
  b - an uncursed +0 leather jacket (being worn)
 Comestibles  ('%')
  d - 4 uncursed food rations
 Scrolls  ('?')
  j - an uncursed scroll of enchant weapon
  i - an uncursed scroll of scare monster
 Potions  ('!')
  k - an uncursed potion of restore ability
 Tools    ('(')
  h - an empty uncursed sack
  e - a +0 pick-axe (alternate weapon; not wielded)
  f - a tinning kit (0:32)
 Gems/Stones  ('*')
  g - an uncursed touchstone

Eldrich the Archeologist's attributes:

Background:
 You were a Digger, a level 2 male human Archeologist.
 You were lawful, on a mission for Quetzalcoatl
 who was opposed by Camaxtli (neutral) and Huhetotl (chaotic).
 You were right-handed.
 You were in the Gnomish Mines, on level 3.
 You entered the dungeon 556 turns ago.
 It was nighttime.
 You had 21 experience points, 19 more were needed to attain level 3.

Basics:
 You had 0 out of 19 hit points.
 You had all 10 energy points (spell power).
 Your armor class was 9.
 Your wallet contained 24 zorkmids.
 Autopickup was off.

Final Characteristics:
 Your strength was 13 (limit:18/100).
 Your dexterity was 11 (limit:18).
 Your constitution was 12 (limit:18).
 Your intelligence was 15 (limit:18).
 Your wisdom was 15 (limit:18).
 Your charisma was 9 (limit:18).

Final Status:
 You weren't hungry.
 You were unencumbered.
 You were wielding a whip.
 You had basic skill with whip.

Final Attributes:
 You were fervently aligned.
 You had automatic searching.
 You were lucky.
 You are dead.

Miscellaneous:
 You encountered 1 bones level.
 Total elapsed playing time was 7 minutes and 15 seconds.

Major events:
 Turn
    1: Eldrich the lawful male human Archeologist entered the dungeon
  551: entered the Gnomish Mines
  556: killed by a kitten

You didn't know any spells.

Skills:
 Fighting Skills
   bare handed combat [Unskilled]
   two weapon combat  [Unskilled]
   riding             [Unskilled]
 Weapon Skills
   dagger             [Unskilled]
   knife              [Unskilled]
   pick-axe           [Basic]
   short sword        [Unskilled]
   saber              [Unskilled]
   club               [Unskilled]
   quarterstaff       [Unskilled]
   sling              [Unskilled]
   dart               [Unskilled]
   boomerang          [Unskilled]
   whip               [Basic]
   unicorn horn       [Unskilled]
 Spellcasting Skills
   attack spells      [Unskilled]
   healing spells     [Unskilled]
   divination spells  [Unskilled]
   matter spells      [Unskilled]

Voluntary challenges:
 Character rerolling was not enabled.
 You were an atheist.
 You never genocided any monsters.
 You never polymorphed an object.
 You never changed form.
 You used no wishes.
Achievement:
 You entered the Gnomish Mines.

 The Dungeons of Doom: levels 1 to 3
    Level 1:
       A fountain, a grave.
    Level 2:
       Stairs down to The Gnomish Mines.
    Level 3:
 The Gnomish Mines:
    Level 3: <- You were here.
       Final resting place for
          you, killed by a kitten,
          arabidian-Wiz-Hum-Mal-Neu, killed by a dwarf.
 The Tutorial:
    Level 1:


Vanquished creatures:
  a jackal
  a grid bug
  4 lichens
  4 newts
10 creatures vanquished.

No species were genocided or became extinct.

Game over:
                       ----------
                      /          \
                     /    REST    \
                    /      IN      \
                   /     PEACE      \
                  /                  \
                  |     Eldrich      |
                  |      24 Au       |
                  |   killed by a    |
                  |      kitten      |
                  |                  |
                  |                  |
                  |       2026       |
                 *|     *  *  *      | *
        _________)/\\_//(\/(/\)/\//\/|_)_______

Goodbye Eldrich the Archeologist...

You died in The Gnomish Mines on dungeon level 3 with 206 points,
and 24 pieces of gold, after 556 moves.
You were level 2 with a maximum of 19 hit points when you died.

